 Dungeon Crawl Stone Soup version 0.29.1-14-g9c671dbff4 (webtiles) character file.

Game seed: 10646639498321757093

42 Smoke131 the Ruffian (level 3, -3/35 HPs)
             Began as a Troll Gladiator on Feb 20, 2023.
             Slain by Robin
             ... wielding a +0 mace
              (6 damage)
             ... on level 2 of the Dungeon.
             The game lasted 00:02:16 (1122 turns).

Smoke131 the Ruffian (Troll Gladiator)              Turns: 1122, Time: 00:02:16

Health: -3/35      AC:  4    Str: 20 (23) XL:     3   Next: 35%
Magic:  2/2        EV: 10    Int:  7 (8)  God:
Gold:   45         SH:  0    Dex:  8 (10) Spells: 2/2 levels left

rFire   . . .      SeeInvis .     - Unarmed
rCold   . . .      Faith    .   (no shield)
rNeg    . . .      Spirit   .   a - +0 robe
rPois   .          Reflect  .   b - +0 hat
rElec   .          Harm     .   (no cloak)
rCorr   .          Rampage  .   (gloves unavailable)
Will    .....                   (boots unavailable)
Stlth   +.........              (no amulet)
HPRegen 0.91/turn               (no ring)
MPRegen 0.08/turn               (no ring)

@: no status effects
A: large, unfitting armour, claws 3, regeneration 1, shaggy fur 1, tough skin 1,
clever 1
a: no special abilities


You were on level 2 of the Dungeon.
You visited 1 branch of the dungeon, and saw 2 of its levels.

You collected 45 gold pieces.

Inventory:

Missiles
 c - 3 throwing nets (quivered)
Armour
 a - a +0 robe (worn)
 b - a +0 hat (worn)
Jewellery
 i - an amulet of faith
Scrolls
 g - 3 scrolls of teleportation {unknown}
 h - 3 scrolls of identify {unknown}


   Skills:
 + Level 2.0 Fighting
 + Level 2.2 Throwing
 + Level 0.9 Armour
 + Level 2.7 Dodging
 + Level 3.3 Unarmed Combat


You had 2 spell levels left.
You didn't know any spells.
Your spell library was empty.

Dungeon Overview and Level Annotations

Branches:
Dungeon (2/15)

Altars:

Annotations:
D:2 Robin


Innate Abilities, Weirdness & Mutations

You are too large for most types of armour.
You have claws for hands.
Your natural rate of healing is unusually fast.
You are covered in fur. (AC +1)
You have tough skin. (AC +1)
Your mind is acute. (Int +4, Str/Dex -1)


Message History

The goblin hits you with a +0 dagger.
You scratch the goblin but do no damage.
The goblin hits you with a +0 dagger.
You claw the goblin!
You kill the goblin!
You closely miss Robin. Robin hits you with a +0 mace.
You scratch Robin.
Robin is lightly wounded.
You barely miss Robin.
Robin is lightly wounded.
Robin hits you with a +0 mace.
You barely miss Robin.
Robin is lightly wounded.
Robin hits you with a +0 mace.
You barely miss Robin.
Robin is lightly wounded.
Robin hits you with a +0 mace.
You scratch Robin.
Robin is lightly wounded.
Robin hits you with a +0 mace.
You closely miss Robin.
Robin is lightly wounded.
Robin hits you with a +0 mace.
* * * LOW HITPOINT WARNING * * *
Throw: large rock
Press: ? - help, Q - select action, (/) - cycle Shift-Dir - straight line, f - Robin
Aim: Robin, wielding a +0 mace, wearing a +0 animal skin and wearing a +2 helmet (lightly wounded, 65% to hit)
You throw a large rock. The large rock barely misses Robin.
Robin hits you with a +0 mace.
* * * LOW HITPOINT WARNING * * *
Robin hits you with a +0 mace!
* * * LOW HITPOINT WARNING * * *
It was a potion of mutation.
You feel extremely strange.
You feel clever. Robin hits you but does no damage.
It was a potion of degeneration.
There was something very wrong with that liquid.
You feel weakened.
You feel dopey.
You feel clumsy. Robin hits you with a +0 mace.
You die...

.######.#### #.#.# ###########
...........###...# #
.###.##......###.# #############
.# #.##......###.# #.<..........
.# #..)........#.# #.##########.
.# ####......#.#.####.##########.
.# #...............[.......##.
<######.######.#.####.#######.##.
........# #.#@# #.# ###.##.
.######## #.#g# #.# #...##. .###
######.#.# #.# #.####. ....
#..g).g.(# #.# #...... .###
#.####g### #.# #..###. .# #..#
#.# #..# #. .# ##.# #.#####..###.
.# .# #............ ?#
######...####


You could see Robin.

Vanquished Creatures
  3 dart slugs
  A ball python (D:1)
  7 endoplasms
  A giant cockroach (D:1)
  6 goblins
  2 hobgoblins (D:2)
  2 kobolds
  2 quokkas
  3 bats (D:1)
  A frilled lizard (D:1)
  2 rats (D:1)
30 creatures vanquished.

Notes
Turn   | Place    | Note
-------+----------+-------------------------------------------
     0 | D:1      | Smoke131 the Troll Gladiator began the quest for the Orb.
     0 | D:1      | Reached XP level 1. HP: 19/19 MP: 0/0
   103 | D:1      | Reached XP level 2. HP: 28/28 MP: 1/1
   197 | D:1      | Found a faded altar of an unknown god.
   953 | D:2      | Reached XP level 3. HP: 34/35 MP: 2/2
  1090 | D:2      | Noticed Robin
  1120 | D:2      | HP: 1/35 [Robin/+0 mace (7)]
  1121 | D:2      | Gained mutation: Your mind is acute. (Int +4, Str/Dex -1)
                  | [potion of mutation]
  1122 | D:2      | Slain by Robin

Illustrated notes

Levels and vault maps discovered:
D:1:      scummos_arrival_simple_crosswalls, layout_basic,
          shapermc_ecumenical_altar_ellora
D:2:      layout_loops_ring, corner_web_ring, uniq_robin

Skill      XL: |  1  2  3 |
---------------+----------+-----
Throwing       | 2 |  2.2
Fighting       | 2 |  2.0
Armour         | |  0.9
Dodging        | |  2.7
Unarmed Combat | |  3.3

Action                   || total
-------------------------++-------
Melee: Unarmed           ||    83
       Punch             ||     3
Throw: Large rock        ||     1
  Use: Potion            ||     2
 Stab: Sleeping          ||     2
Armor: Robe              ||    31
Dodge: Dodged            ||    43
